 Dungeon Crawl Stone Soup version 0.28-a0-80-g9707f7362f (webtiles) character file.

Game seed: 17180634082288015461

547 Sweetruy1997 the Chopper (level 7, -2/67 HPs)
             Began as a Troll Fighter on July 27, 2021.
             Was a Believer of Yredelemnul.
             Slain by flotson's ghost (7 damage)
             ... on level 4 of the Dungeon on Aug 5, 2021.
             The game lasted 00:11:57 (3357 turns).

Sweetruy1997 the Chopper (Troll Fighter)            Turns: 3357, Time: 00:11:58

Health: -2/67      AC:  8    Str: 24 (25) XL:     7   Next: 7%
Magic:  6/6        EV:  1    Int:  3 (5)  God:    Yredelemnul [**....]
Gold:   173        SH:  0    Dex: -3 (10) Spells: 4/6 levels left

rFire   + . .      SeeInvis .   a - +0 war axe
rCold   + . .      Faith    .   c - +0 kite shield
rNeg    . . .      Spirit   .   b - +0 robe
rPois   .          Reflect  .   (helmet restricted)
rElec   .          Harm     .   r - scarf {rC+ rF+}
rCorr   .          Rampage  .   (gloves unavailable)
Will    .....                   (boots unavailable)
Stlth   ..........              (no amulet)
HPRegen 1.21/turn               n - +4 ring of protection
MPRegen 0.10/turn               (no ring)

@: mighty, slowed, lost dexterity, very slow
A: large, unfitting armour, claws 3, regeneration 1, shaggy fur 1, tough skin 1
a: Renounce Religion, Animate Remains, Recall Undead Slaves, Injury Mirror


You were on level 4 of the Dungeon.
You worshipped Yredelemnul.
Yredelemnul was pleased with you.
You visited 2 branches of the dungeon, and saw 5 of its levels.

You collected 173 gold pieces.

Inventory:

Hand Weapons
 a - a +0 war axe (weapon)
Missiles
 p - 2 boomerangs (quivered)
Armour
 b - a +0 robe (worn)
 c - a +0 kite shield (worn)
 r - a scarf of resistance (worn)
Jewellery
 n - a +4 ring of protection (left claw)
Wands
 t - a wand of iceblast (7)
Scrolls
 g - a scroll of magic mapping {unknown}
 j - a scroll of teleportation
 k - a scroll of blinking {unknown}
 l - a scroll of fog {unknown}
 o - a scroll of vulnerability {unknown}
 s - a scroll of identify {unknown}
 u - a scroll of noise {unknown}
Potions
 f - a potion of flight {unknown}
 h - a potion of haste {unknown}
 i - a potion of curing {unknown}
 m - a potion of lignification {unknown}
 q - a potion of mutation {unknown}


   Skills:
 - Level 3.0 Fighting
 + Level 4.3 Axes
 + Level 1.3 Throwing
 + Level 3.6 Dodging
 + Level 0.3 Stealth
 + Level 3.6 Shields


You had 4 spell levels left.
You knew the following spells:

 Your Spells              Type           Power      Damage    Failure   Level
a - Sublimation of Blood  Necr           0%         N/A       96%         2

Your spell library contained the following spells:

 Spells                   Type           Power      Damage    Failure   Level
 Petrify                  Tmut/Erth      0%         N/A       100%        4
 Irradiate                Conj/Tmut      0%         3d13      100%        5
 Metabolic Englaciation   Hex/Ice        0%         N/A       100%        5
 Summon Forest            Summ/Tloc      0%         N/A       100%        5
 Eringya's Noxious Bog    Tmut/Pois      0%         N/A       100%        6
 Statue Form              Tmut/Erth      0%         N/A       100%        6
 Summon Hydra             Summ           0%         N/A       100%        7


Dungeon Overview and Level Annotations

Branches:
Dungeon (4/15)             Temple (1/1) D:4

Altars:
Ashenzari
Cheibriados
Dithmenos
Elyvilon
Fedhas
Gozag
Hepliaklqana
Kikubaaqudgha
Makhleb
Nemelex Xobeh
Okawaru
Qazlal
Ru
Sif Muna
Trog
Uskayaw
Vehumet
Wu Jian
Xom
Yredelemnul
Zin
The Shining One

Shops:
D:2 =

Annotations:
D:4 1 transporter, flotson's ghost, weakling DsDe


Innate Abilities, Weirdness & Mutations

You are too large for most types of armour.
You have claws for hands.
Your natural rate of healing is unusually fast.
You are covered in fur. (AC +1)
You have tough skin. (AC +1)


Message History

Flotson's ghost hits you but does no damage.
The quasit bites you but does no damage.
The quasit claws you but does no damage.
The quasit completely misses you.
The quasit bites you but does no damage.
The quasit claws you.
* * * LOW HITPOINT WARNING * * *
You feel clumsy. The quasit claws you.
* * * LOW HITPOINT WARNING * * *
The quasit bites you but does no damage.
The quasit claws you but does no damage. x2
Flotson's ghost hits you but does no damage.
The quasit bites you but does no damage.
The quasit claws you but does no damage. x2
The quasit bites you but does no damage.
The quasit claws you but does no damage. x2
The quasit bites you but does no damage.
The quasit claws you but does no damage. x2
Unknown command.
You barely miss flotson's ghost.
Flotson's ghost is heavily damaged.
You barely miss the quasit. You closely miss the quasit. x2
The quasit bites you but does no damage.
The quasit claws you but does no damage. x2
The quasit bites you.
* * * LOW HITPOINT WARNING * * *
The quasit claws you but does no damage. x2
Flotson's ghost barely misses you.
The quasit bites you but does no damage.
The quasit claws you but does no damage. x2
The quasit bites you but does no damage.
The quasit claws you but does no damage. x2
The quasit bites you.
* * * LOW HITPOINT WARNING * * *
The quasit barely misses you.
The quasit claws you but does no damage.
Flotson's ghost hits you!
You die...
Your body rises from the dead as a mindless zombie.

############....#.##...# #.###
...##### #####......##.# #.# #
#......###.....[....##.######.# #
##...#.....###©####.....#.....###
####.###..##.### #####.#.####<).
# #..##.##..... #...©#.......)))
# ##..#.#....#. .#...##....[.†..
## ##.#.#..##..#...$..#.[.......
.#####...#...#.5@W.##.5#.........
....##..##.#...55#.....#..)...<..
..#.....#....###=..##.##.........
#.#####.##..#..$[... #..........
[.## #..###. #####. ##..........
...# ##...####.©.####..#..>.....
.#.# #...............##.....###
.#.## ##.#..###.##..####.....#
....####.....###....#####.....#


You could see 3 quasits and flotson's ghost.

Vanquished Creatures
  A sky beast (D:4)
  2 kobold brigands (D:3)
  A howler monkey (D:4)
  A jelly (D:4)
  Ijyb (D:3)
  2 orc wizards (D:4)
  5 adders
  An adder skeleton (D:4)
  A worm (D:2)
  4 dart slugs
  12 orcs
  6 ball pythons
  7 bats
  7 endoplasms
  6 giant cockroaches
  6 goblins
  9 hobgoblins
  5 jackals
  16 kobolds
  2 quokkas
  4 frilled lizards
  2 rats
101 creatures vanquished.

Vanquished Creatures (others)
  2 fungi (D:3)
2 creatures vanquished.

Grand Total: 103 creatures vanquished

Notes
Turn   | Place    | Note
-------+----------+-------------------------------------------
     0 | D:1      | Sweetruy1997 the Troll Fighter began the quest for the Orb.
     0 | D:1      | Reached XP level 1. HP: 22/22 MP: 0/0
    59 | D:1      | Reached XP level 2. HP: 29/29 MP: 1/1
   243 | D:1      | Reached XP level 3. HP: 35/36 MP: 2/2
   371 | D:1      | Reached skill level 2 in Axes
   573 | D:1      | Found a faded altar of an unknown god.
   573 | D:1      | Noticed a hell beast
   583 | D:1      | Became a worshipper of Yredelemnul the Dark
   583 | D:1      | Reached * piety under Yredelemnul
   584 | D:1      | Upgraded the game from 0.28-a0-32-g8dfe7f97f6 to
                  | 0.28-a0-80-g9707f7362f
  1063 | D:2      | Reached XP level 4. HP: 39/45 MP: 3/3
  1073 | D:2      | Found a broken altar of Ashenzari.
  1102 | D:2      | Found Juebigos's Jewellery Emporium.
  1646 | D:3      | Noticed Ijyb
  1661 | D:3      | Killed Ijyb
  1865 | D:3      | Found a bloodstained altar of Trog.
  1940 | D:3      | Learned a level 2 spell: Sublimation of Blood
  2015 | D:3      | Reached XP level 5. HP: 53/53 MP: 4/4
  2274 | D:3      | Reached ** piety under Yredelemnul
  2526 | D:3      | Reached skill level 3 in Axes
  2534 | D:3      | Reached XP level 6. HP: 46/61 MP: 5/5
  2726 | D:4      | Found a transporter.
  2731 | D:4      | Found a transporter.
  2782 | D:4      | Found a staircase to the Ecumenical Temple.
  2803 | Temple   | Entered the Ecumenical Temple
  3026 | D:4      | Reached skill level 4 in Axes
  3067 | D:4      | Noticed a sky beast
  3092 | D:4      | Killed a sky beast
  3093 | D:4      | Reached skill level 1 in Throwing
  3201 | D:4      | Reached XP level 7. HP: 66/67 MP: 6/6
  3253 | D:4      | Noticed flotson's ghost (weakling DsDe)
  3353 | D:4      | Lost dexterity.
  3357 | D:4      | Slain by flotson's ghost

Illustrated notes

Levels and vault maps discovered:
D:1:      matt_arrival_grand_opening, layout_loops_ring,
          dreamdust_ecumenical_altar_sealed_demon
D:2:      layout_loops_ring, serial_shops,
          nicolae_shop_competitors_out_of_business, basic_altar,
          corexii_corridor_pit, minmay_tromino_v4_b
D:3:      cheibrodos_thug_alley, layout_basic, mainiacjoe_overflow_boulevard,
          uniq_ijyb
D:4:      layout_rooms, minmay_temple_entry_tees, gammafunk_ghost_stat_death
Temple:   minmay_crystal_snake_temple

Skill      XL: |  1  2  3  4  5  6 |
---------------+-------------------+-----
Axes           | 2 3 4 |  4.3
Fighting       | 3 |  3.0
Dodging        | 3 |  3.6
Shields        | 3 |  3.6
Throwing       | 1 |  1.3
Stealth        | |  0.3

Action                   |  1- 3 |  4- 6 |  7- 9 || total
-------------------------+-------+-------+-------++-------
Melee: War axe           |   132 |   204 |    14 ||   350
Throw: Boomerang         |       |    37 |     2 ||    39
  Use: Scroll            |       |     1 |       ||     1
       Potion            |       |       |     2 ||     2
Armor: Robe              |    49 |   118 |   144 ||   311
Dodge: Dodged            |    53 |    85 |    62 ||   200
Block: Kite shield       |    67 |   121 |    43 ||   231

Table legend: (Time is in decaauts)
 A = Elapsed time spent in this place.
 B = Non-inter-level travel time spent in this place.
 C = Inter-level travel time spent in this place.
 D = Time resting spent in this place.
 E = Time spent auto-exploring this place.
 F = Levels seen in this place.
 G = Mean time per level.
                   A        B        C        D        E       F      G
               +--------+--------+--------+--------+--------+-----+--------+
         Total |   3577 |   3473 |    104 |    274 |   2270 |   5 |  715.4 |
       Dungeon |   3382 |   3314 |     68 |    274 |   2113 |   4 |  845.5 |
        Temple |    194 |    158 |     36 |      0 |    157 |   1 |  194.0 |
               +--------+--------+--------+--------+--------+-----+--------+

Top non-repeatable levels by time:
     D:3: 1118 daAuts
     D:2: 830 daAuts
     D:1: 823 daAuts
     D:4: 609 daAuts
  Temple: 194 daAuts
